 Dungeon Crawl Stone Soup version 0.29-a0-118-g06d03a830b (webtiles) character file.

Game seed: 11643250113768840131

3781 Ordine the Thaumaturge (level 9, -4/54 HPs)
             Began as a Deep Elf Conjurer on Feb 19, 2022.
             Was a Follower of Vehumet.
             Slain by Harold (27 damage)
             ... on level 8 of the Dungeon.
             The game lasted 00:37:14 (11912 turns).

Ordine the Thaumaturge (Deep Elf Conjurer)         Turns: 11912, Time: 00:37:14

Health: -4/54      AC:  4    Str:  4    XL:     9   Next: 95%
Magic:  7/32       EV: 19    Int: 28    God:    Vehumet [*.....]
Gold:   234        SH:  0    Dex: 13    Spells: 14/25 levels left

rFire   . . .      SeeInvis .   (no weapon)
rCold   . . .      Faith    .   (no shield)
rNeg    . . .      Spirit   .   a - +0 robe
rPois   .          Reflect  .   (no helmet)
rElec   .          Harm     .   (no cloak)
rCorr   .          Rampage  .   B - +0 pair of gloves
Will    .....                   q - +0 pair of boots
Stlth   ++++......              (no amulet)
HPRegen 0.18/turn               y - +4 ring of evasion
MPRegen 0.23/turn               G - ring of magical power

@: no status effects
A: no striking features
a: Renounce Religion


You were on level 8 of the Dungeon.
You worshipped Vehumet.
Vehumet was aware of your devotion.
You visited 2 branches of the dungeon, and saw 9 of its levels.

You collected 364 gold pieces.
You spent 130 gold pieces at shops.

Inventory:

Armour
 a - a +0 robe (worn)
 q - a +0 pair of boots (worn)
 B - a +0 pair of gloves (worn)
Magical Staves
 j - a staff of poison
 F - a staff of cold
Jewellery
 y - a +4 ring of evasion (left hand)
 z - a +4 ring of evasion
 A - a +6 ring of dexterity
 G - a ring of magical power (right hand)
 H - a ring of protection from fire
Wands
 f - a wand of mindburst (19)
 t - a wand of paralysis (4)
Scrolls
 d - a scroll of brand weapon
 i - 2 scrolls of fog
 k - a scroll of teleportation
 n - a scroll of blinking
 o - a scroll of amnesia
 p - a scroll of magic mapping
 r - 3 scrolls of enchant weapon
 v - a scroll of silence
 x - 2 scrolls of noise {unknown}
 D - a scroll of immolation {unknown}
Potions
 b - a potion of ambrosia
 c - 3 potions of curing
 e - 4 potions of attraction
 g - 2 potions of might {unknown}
 h - a potion of haste {unknown}
 l - 4 potions of mutation {unknown}
 m - 2 potions of flight
 s - 3 potions of heal wounds
 u - a potion of resistance {unknown}
 w - 2 potions of magic {unknown}
 C - a potion of lignification {unknown}
 E - a potion of brilliance {unknown}


   Skills:
 + Level 5.2 Fighting
 + Level 7.9 Dodging
 + Level 8.7 Stealth
 + Level 8.9 Spellcasting
 + Level 8.3 Conjurations


You had 14 spell levels left.
You knew the following spells:

 Your Spells              Type           Power      Damage    Failure   Level
a - Magic Dart            Conj           100%       1d8       1%          1
b - Searing Ray           Conj           100%       2d8       1%          2
c - Fulminant Prism       Conj/Hex       18%        3d11      8%          4
d - Iskenderun's Mystic   Conj/Tloc      36%        2d9       8%          4

Your spell library contained the following spells:

 Spells                   Type           Power      Damage    Failure   Level
 Freeze                   Ice            48%        1d7       4%          1
 Dazzling Flash           Conj/Hex       72%        N/A       2%          3
 Corpse Rot               Necr/Air       24%        N/A       7%          2
 Poisonous Vapours        Pois/Air       24%        N/A       7%          2
 Dispel Undead            Necr           12%        3d9       41%         4
 Death Channel            Necr           6%         N/A       100%        6


Dungeon Overview and Level Annotations

Branches:
Dungeon (8/15)             Temple (1/1) D:6
   Lair: D:8-11

Altars:
Ashenzari
Cheibriados
Dithmenos
Elyvilon
Fedhas
Gozag
Hepliaklqana
Kikubaaqudgha
Makhleb
Nemelex Xobeh
Okawaru
Qazlal
Ru
Sif Muna
Trog
Uskayaw
Vehumet
Wu Jian
Xom
Yredelemnul
Zin
The Shining One

Shops:
D:6 *

Annotations:
D:8 Harold


Message History

Confirm with . or Enter, or press ? or * to list all spells.
Aiming: Searing Ray (safe; 1% risk of failure)
Press: ? - help, Shift-Dir - straight line, f/p - Harold
Aim: Harold, wielding a +0 glaive and wearing a +0 chain mail (moderately wounded, 92% to hit)
The searing ray hits Harold.
Harold is moderately wounded. (Press . to maintain the ray.)
The searing ray hits Harold.
Harold is heavily wounded.
Harold misses you.
The searing ray hits Harold!
Harold is heavily wounded.
Harold fires a harpoon shot at you. The harpoon shot misses you.
The searing ray hits Harold!
Harold is severely wounded.
You finish channelling your searing ray.
Harold fires a harpoon shot at you. The harpoon shot hits you!
You are yanked forward by the harpoon shot.
Casting: Searing Ray (safe; 1% risk of failure)
Confirm with . or Enter, or press ? or * to list all spells.
You erupt in a blast of force!
The mystic blast hits Harold!
Harold is almost dead.
Harold is knocked back by the mystic blast.
Casting: Iskenderun's Mystic Blast (dangerous; 8% risk of failure)
Confirm with . or Enter, or press ? or * to list all spells.
Aiming: Searing Ray (safe; 1% risk of failure)
Press: ? - help, Shift-Dir - straight line, f/p - Harold
Aim: Harold, wielding a +0 glaive and wearing a +0 chain mail (almost dead, 92% to hit)
The searing ray hits Harold!
Harold is almost dead. (Press . to maintain the ray.)
The searing ray hits Harold.
Harold is almost dead.
Harold hits you from afar with a +0 glaive!
The searing ray misses Harold.
Harold hits you from afar with a +0 glaive!!
Ouch! That really hurt!
You die...

......###..###
....###
###..### ..###
##...## ###
###..###
###..# #..#
#.## #.# ##@#
#..# #.@# #..#
#(.# #..# #..#
#... #...


You could see Harold.

Vanquished Creatures
  Erica (D:8)
  A two-headed ogre (D:7)
  Grinder (D:4)
  Sigmund (D:2)
  A water moccasin (D:8)
  An ice beast (D:7)
  2 sky beasts
  5 black bears
  A hornet zombie (D:8)
  A necrophage (D:7)
  An ogre (D:7)
  A kobold brigand (D:7)
  A bullfrog (D:4)
  A gnoll sergeant (D:5)
  A howler monkey (D:8)
  4 electric eels (D:6)
  A centaur zombie (D:6)
  3 hounds (D:5)
  A gnoll shaman (D:7)
  An orc priest (D:4)
  An iron imp (D:3)
  A centaur skeleton (D:5)
  Crazy Yiuf (D:4)
  3 iguanas
  7 orc wizards
  A statue (D:4)
  A howler monkey skeleton (D:7)
  5 adders
  11 gnolls
  A worm (D:3)
  3 dart slugs
  13 orcs
  3 endoplasms (D:1)
  3 giant cockroaches
  10 hobgoblins
  8 jackals
  12 kobolds
  5 quokkas
  8 ball pythons
  4 bats
  4 frilled lizards
  3 goblins
  5 rats
  A fulminant prism (D:7)
144 creatures vanquished.

Vanquished Creatures (others)
  19 fulminant prisms
  19 plants (D:6)
38 creatures vanquished.

Grand Total: 182 creatures vanquished

Notes
Turn   | Place    | Note
-------+----------+-------------------------------------------
     0 | D:1      | Ordine the Deep Elf Conjurer began the quest for the Orb.
     0 | D:1      | Reached XP level 1. HP: 10/10 MP: 6/6
   222 | D:1      | Reached XP level 2. HP: 15/15 MP: 4/8
   589 | D:1      | Learned a level 2 spell: Searing Ray
   835 | D:1      | Found a faded altar of an unknown god.
  1168 | D:2      | Reached XP level 3. HP: 20/20 MP: 6/9
  1450 | D:2      | Noticed Sigmund
  1824 | D:2      | Reached skill level 1 in Fighting
  2388 | D:3      | Reached XP level 4. HP: 25/25 MP: 5/11
  2436 | D:3      | Learned a level 4 spell: Fulminant Prism
  2602 | D:3      | Reached skill level 5 in Conjurations
  2978 | D:3      | Found a snail-covered altar of Cheibriados.
  3044 | D:3      | Reached XP level 5. HP: 29/29 MP: 1/13
  3183 | D:3      | Learned a level 4 spell: Iskenderun's Mystic Blast
  4093 | D:4      | Noticed Grinder
  4100 | D:4      | Killed Grinder
  4101 | D:4      | Reached skill level 5 in Spellcasting
  4101 | D:4      | Reached XP level 6. HP: 28/35 MP: 5/15
  4306 | D:4      | Found a radiant altar of Vehumet.
  4421 | D:4      | Became a worshipper of Vehumet
  4519 | D:4      | Reached XP level 7. HP: 35/40 MP: 6/16
  4520 | D:4      | Reached skill level 5 in Stealth
  4737 | D:4      | Found a runed translucent door.
  4738 | D:4      | Noticed Crazy Yiuf
  4744 | D:4      | Killed Crazy Yiuf
  4921 | D:4      | Found a basalt altar of Yredelemnul.
  5390 | D:2      | Killed Sigmund
  5391 | D:2      | Reached skill level 5 in Dodging
  5636 | D:5      | Entered Level 5 of the Dungeon
  6237 | D:5      | Reached XP level 8. HP: 46/46 MP: 14/19
  6771 | D:5      | Reached * piety under Vehumet
  6771 | D:5      | Offered knowledge of Freeze by Vehumet.
  7398 | D:6      | Identified the +3 plate armour "Imacy" {Fly rN+ Will+}
  7702 | D:6      | Found Ugyon's General Store.
  7708 | D:6      | Bought a scroll of identify for 26 gold pieces
  7708 | D:6      | Bought a scroll of teleportation for 39 gold pieces
  7708 | D:6      | Bought a scroll of fog for 26 gold pieces
  7708 | D:6      | Bought a potion of flight for 39 gold pieces
  8033 | D:6      | Found a staircase to the Ecumenical Temple.
  8056 | Temple   | Entered the Ecumenical Temple
  8695 | D:6      | Found a radiant altar of Vehumet.
  8697 | D:6      | Found a blossoming altar of Fedhas.
  8697 | D:6      | Found a broken altar of Ashenzari.
  8710 | D:6      | Found a shimmering altar of Xom.
  8710 | D:6      | Found a shimmering altar of Xom.
  8710 | D:6      | Found a stormy altar of Qazlal.
  9022 | D:7      | Reached XP level 9. HP: 36/52 MP: 11/22
  9447 | D:7      | Found a glowing golden altar of the Shining One.
  9808 | D:7      | Noticed a two-headed ogre
 10768 | D:7      | Killed a two-headed ogre
 11003 | D:8      | Noticed Erica
 11015 | D:8      | Killed Erica
 11016 | D:8      | Reached skill level 5 in Fighting
 11027 | D:8      | Noticed Harold
 11912 | D:8      | Slain by Harold

Illustrated notes

Levels and vault maps discovered:
D:1:      minmay_arrival_four_houses, layout_basic,
          hellmonk_ecumenical_altar_inner_sanctum, minmay_shallow_snake_nest
D:2:      layout_loops_cross, nicolae_underground_beach, uniq_sigmund
D:3:      layout_loops_corners, chei_slow_surprise
D:4:      layout_basic, general_overflow_altar, vehumet_statue,
          minmay_crossroads, uniq_crazy_yiuf_cottage, uniq_grinder
D:5:      layout_layer_cave
D:6:      layout_loops_cross, doesnt_xom_only_xom,
          minmay_temple_entry_butterflies, serial_shops,
          nicolae_shop_statue_plus, serial_bayou_lake_a
D:7:      layout_cave_pods, mainiacjoe_overflow_chevrons
D:8:      layout_cave_pods, uniq_erica, uniq_harold
Temple:   regret_index_temple_generic_petals

Skill      XL: |  1  2  3  4  5  6  7  8  9 |
---------------+----------------------------+-----
Stealth        | 3 4 5 7 8 |  8.7
Dodging        | 3 4 5 6 7 |  7.9
Fighting       | 1 2 3 4 5 |  5.2
Spellcasting   | 4 5 6 7 8 |  8.9
Conjurations   | 5 6 7 8 |  8.3

Action                   |  1- 3 |  4- 6 |  7- 9 || total
-------------------------+-------+-------+-------++-------
Melee: Unarmed           |       |     1 |     3 ||     4
 Cast: Magic Dart        |    92 |    54 |   159 ||   305
       Searing Ray       |     2 |    11 |    43 ||    56
       Fulminant Prism   |       |       |    20 ||    20
       Iskenderun's Myst |       |       |     2 ||     2
  Use: Scroll            |       |       |    12 ||    12
Armor: Robe              |     3 |       |     2 ||     5
Dodge: Dodged            |     7 |     7 |    68 ||    82

Table legend: (Time is in decaauts)
 A = Elapsed time spent in this place.
 B = Non-inter-level travel time spent in this place.
 C = Inter-level travel time spent in this place.
 D = Time resting spent in this place.
 E = Time spent auto-exploring this place.
 F = Levels seen in this place.
 G = Mean time per level.
                   A        B        C        D        E       F      G
               +--------+--------+--------+--------+--------+-----+--------+
         Total |  11944 |  11246 |    698 |   1416 |   8597 |   9 | 1327.1 |
       Dungeon |  11738 |  11062 |    676 |   1416 |   8420 |   8 | 1467.2 |
        Temple |    205 |    183 |     22 |      0 |    177 |   1 |  205.0 |
               +--------+--------+--------+--------+--------+-----+--------+

Top non-repeatable levels by time:
     D:7: 2051 daAuts
     D:5: 1746 daAuts
     D:3: 1744 daAuts
     D:4: 1569 daAuts
     D:6: 1368 daAuts
     D:2: 1246 daAuts
     D:1: 1079 daAuts
     D:8: 932 daAuts
  Temple: 205 daAuts
